 Dungeon Crawl Stone Soup version 0.16.1-30-g34a7ffa (webtiles) character file.

1186 Yawgmoth the Geomancer (level 8, -2/48 HPs)
             Began as a Gargoyle Earth Elementalist on June 13, 2015.
             Was an Initiate of Vehumet.
             Slain by an orc warrior
             ... wielding a +0 battleaxe
              (19 damage)
             ... on level 6 of the Dungeon.
             The game lasted 00:53:05 (6953 turns).

Yawgmoth the Geomancer (GrEE)                       Turns: 6953, Time: 00:53:05

Health: -2/48      AC: 14    Str: 12    XL:     8   Next: 42%
Magic:  35/38      EV: 12    Int: 18    God:    Vehumet [......]
Gold:   304        SH:  0    Dex: 10    Spells: 4 memorised, 6 levels left

rFire  . . .     SeeInvis .     b - 215 stones
rCold  . . .     Clarity  .     F - +2 robe "Dadoijyw" {Stlth+}
rNeg   + . .     SustAb   .     (no shield)
rPois  ∞         Gourm    .     (no helmet)
rElec  +         Spirit   .     u - +0 cloak
rCorr  .         Warding  .     (no gloves)
rMut   .         Stasis   .     T - +0 pair of boots
MR     .....                    (no amulet)
Stlth  +++.......               X - ring of magical power
                                f - ring of magical power

@: stone skin, very slightly contaminated, not resistant to hostile
enchantments, fairly stealthy
A: negative energy resistance 1, electricity resistance, unbreathing,
petrification resistance, rot immunity, AC +5
a: Renounce Religion


You were on level 6 of the Dungeon.
You worshipped Vehumet.
Vehumet was noncommittal.
You were not hungry.

You visited 2 branches of the dungeon, and saw 8 of its levels.

You collected 415 gold pieces.
You spent 111 gold pieces at shops.

Inventory:

Hand weapons
 t - a +2 quarterstaff of chaos
 z - a +2 spear of freezing
 P - a +2 antimagic halberd
Missiles
 b - 215 stones (in hand)
 O - a throwing net
Armour
 u - a +0 cloak (worn)
 F - the +2 robe "Dadoijyw" (worn) {Stlth+}
   (You found it on level 4 of the Dungeon)

   It makes you more stealthy.
 T - a +0 pair of boots (worn)
Magical staves
 y - an uncursed staff of poison
Jewellery
 f - a ring of magical power (left hand)
 h - an uncursed ring of flight
 G - an uncursed ring of ice
 X - a ring of magical power (right hand)
Magical devices
 D - a wand of fire (10)
 J - a wand of polymorph (11)
 N - a wand of polymorph (14)
 S - a wand of lightning (4)
Scrolls
 c - 2 scrolls of enchant weapon {unknown}
 e - a scroll of magic mapping {unknown}
 g - a scroll of amnesia {unknown}
 i - 3 scrolls of teleportation {unknown}
 j - 5 scrolls of blinking
 l - 4 scrolls of remove curse {unknown}
 m - 2 scrolls of noise {unknown}
 o - 2 scrolls of fog {unknown}
 v - a scroll of fear {unknown}
 E - 5 scrolls of identify
 H - 2 scrolls of random uselessness {unknown}
 U - a scroll of recharging {unknown}
 V - a scroll of immolation {unknown}
 Y - a scroll of acquirement {unknown}
Potions
 k - a potion of mutation {unknown}
 n - a potion of ambrosia {unknown}
 q - a potion of restore abilities {unknown}
 r - 2 potions of agility {unknown}
 s - a potion of heal wounds {unknown}
 x - 2 potions of invisibility {unknown}
 A - 3 potions of lignification {unknown}
 C - a potion of brilliance {unknown}
 L - 2 potions of haste {unknown}
 M - 2 potions of flight {unknown}
 Q - 5 potions of curing {unknown}
 W - a potion of poison {unknown}
Books
 d - a book of Geomancy

   Spells                             Type                      Level
   a - Sandblast                      Earth                        1
   b - Stoneskin                      Transmutation/Earth          2
   c - Passwall                       Transmutation/Earth          3
   d - Stone Arrow                    Conjuration/Earth            3
   e - Petrify                        Transmutation/Earth          4
   f - Lee's Rapid Deconstruction     Earth                        5
 K - a book of Geomancy

   Spells                             Type                      Level
   a - Sandblast                      Earth                        1
   b - Stoneskin                      Transmutation/Earth          2
   c - Passwall                       Transmutation/Earth          3
   d - Stone Arrow                    Conjuration/Earth            3
   e - Petrify                        Transmutation/Earth          4
   f - Lee's Rapid Deconstruction     Earth                        5
 R - a book of Transfigurations

   Spells                             Type                      Level
   a - Stoneskin                      Transmutation/Earth          2
   b - Irradiate                      Conjuration/Transmutation    5
   c - Statue Form                    Transmutation/Earth          6
   d - Hydra Form                     Transmutation                6
   e - Dragon Form                    Transmutation                7
Comestibles
 a - 3 bread rations
 p - 3 beef jerkies
 w - a slice of pizza
 B - 3 meat rations
 I - a royal jelly


   Skills:
 + Level 4.1 Fighting
 + Level 3.7 Staves
 - Level 1.5 Dodging
 - Level 2.1 Stealth
 + Level 5.1 Spellcasting
 - Level 0.7 Transmutations
 * Level 8.0 Earth Magic


You had 6 spell levels left.
You knew the following spells:

 Your Spells              Type           Power        Failure   Level  Hunger
a - Sandblast             Erth           ####..       1%          1    None
b - Stoneskin             Trmt/Erth      ###.....     3%          2    #......
c - Stone Arrow           Conj/Erth      ###...       10%         3    ##.....
d - Lee's Rapid Deconstr  Erth           ####......   17%         5    ######.


Dungeon Overview and Level Annotations

Branches:
Dungeon (7/15)             Temple (1/1) D:4

Altars:
Ashenzari
Cheibriados
Dithmenos
Elyvilon
Fedhas
Gozag
Makhleb
Nemelex Xobeh
Qazlal
Ru
Sif Muna
Trog
Vehumet
Xom
Zin
The Shining One

Shops:
D:4 *[?*}


Innate Abilities, Weirdness & Mutations

You are resistant to torment.
You are immune to poison.
Your stone body is very resilient (AC +5).
You resist negative energy.
You are resistant to electric shocks.
You can survive without breathing.
You are immune to petrification.
You are immune to rotting.


Message History

Confirm with . or Enter, or press ? or * to list all spells.
Aiming: Sandblast
Press: ? - help, Shift-Dir - straight line, f/p - orc warrior
Aim: an orc warrior, wielding a battleaxe and wearing a shiny chain mail (moderately wounded)
The rocky blast misses the orc warrior.
Casting: Sandblast
Confirm with . or Enter, or press ? or * to list all spells.
Aiming: Sandblast
Press: ? - help, Shift-Dir - straight line, f/p - orc warrior
Aim: an orc warrior, wielding a battleaxe and wearing a shiny chain mail (moderately wounded)
The rocky blast hits the orc warrior.
The orc warrior is moderately wounded.
The orc warrior hits you with a battleaxe!
Read which item? (? for menu, Esc to quit)
Blink to where?
Press: ? - help, Dir - move target cursor, p - orc warrior You are very lightly contaminated with residual magic.
As you read the scroll of blinking, it crumbles to dust.
The orc warrior hits you with a battleaxe!!
You die...

.# #.## .# ##.# .####..##
### ......#.####.####
..######..#.....# ..##
##...#.### #..##
##.####### ....####.##
#§o## ## .#...##..# ###@#
#. .##.....## #..## #.
.###....# #..# #.
..##..#.## ##.######
#####. ..#..#...####.##
#..# ### #...^.
..............## ##.###.##
###..#
##..##.........####..##..#
###.
##..###................###
#. ...##
##.....#####.....## #.


You could see an orc warrior.

Vanquished Creatures
  Eustachio (D:5)
  2 centaurs (D:6)
  Sigmund (D:6)
  Blork the orc (D:5)
  A scorpion (D:4)
  A goliath beetle (D:6)
  A crimson imp (D:6)
  A centaur zombie (D:6)
  A giant frog skeleton (D:3)
  Crazy Yiuf (D:2)
  A hound (D:4)
  2 orc wizards (D:5)
  Natasha (D:3)
  9 worker ants
  Ijyb (D:4)
  9 adders
  7 gnolls
  A shadow imp (D:7)
  A giant mite (D:3)
  3 worms
  An adder skeleton (D:5)
  An adder zombie (D:5)
  5 giant geckos
  An ooze (D:2)
  5 orcs
  2 ball pythons
  11 bats
  14 hobgoblins
  6 jackals
  14 kobolds
  3 quokkas
  7 giant cockroaches
  9 giant newts
  12 goblins
  2 quokka skeletons
  18 rats
157 creatures vanquished.

Vanquished Creatures (others)
  A giant spore (D:7)
1 creature vanquished.

Grand Total: 158 creatures vanquished

Notes
Turn   | Place    | Note
--------------------------------------------------------------
     0 | D:1      | Yawgmoth, the Gargoyle Earth Elementalist, began the quest for the Orb.
     0 | D:1      | Reached XP level 1. HP: 10/10 MP: 3/3
   232 | D:1      | Reached skill level 4 in Earth Magic
   234 | D:1      | Reached XP level 2. HP: 6/15 MP: 4/4
   455 | D:1      | Reached XP level 3. HP: 19/19 MP: 6/6
  1287 | D:2      | Reached XP level 4. HP: 24/24 MP: 9/9
  1547 | D:2      | Reached skill level 5 in Earth Magic
  1978 | D:2      | Noticed Crazy Yiuf
  1988 | D:2      | Killed Crazy Yiuf
  1988 | D:2      | Reached XP level 5. HP: 28/28 MP: 11/11
  2485 | D:3      | Noticed Natasha
  2492 | D:3      | Killed Natasha
  2492 | D:3      | Reached skill level 1 in Staves
  2513 | D:3      | Reached skill level 1 in Fighting
  2948 | D:3      | Reached XP level 6. HP: 34/34 MP: 14/14
  3005 | D:4      | Found Kiussid's General Store.
  3032 | D:4      | Found Qudegublo's Gadget Shop.
  3042 | D:4      | Noticed Ijyb
  3058 | D:4      | Killed Ijyb
  3124 | D:4      | Found a staircase to the Ecumenical Temple.
  3135 | Temple   | Entered the Ecumenical Temple
  3245 | D:4      | Found Phikkyma's Magic Scroll Boutique.
  3256 | D:4      | Bought 3 scrolls of identify for 72 gold pieces
  3256 | D:4      | Bought a scroll of identify for 24 gold pieces
  3300 | D:4      | Reached skill level 6 in Earth Magic
  3327 | D:4      | Got a ripped robe
  3328 | D:4      | Identified the +2 robe "Dadoijyw" {Stlth+} (You found it on level 4 of the Dungeon)
  3370 | D:4      | Found Kuejiraa's General Store.
  3398 | D:4      | Bought 15 stones for 15 gold pieces
  3509 | D:4      | Found Edaewkie's Armour Emporium.
  3665 | D:4      | Found a deep blue altar of Sif Muna.
  3741 | D:4      | Found a sacrificial altar of Ru.
  3757 | D:4      | Reached XP level 7. HP: 34/40 MP: 17/17
  3965 | D:5      | Entered Level 5 of the Dungeon
  4313 | D:5      | Found a blossoming altar of Fedhas.
  4379 | D:5      | Noticed Eustachio
  4423 | D:5      | Killed Eustachio
  4423 | D:5      | Reached skill level 7 in Earth Magic
  4835 | D:5      | Noticed Blork the orc
  4845 | D:5      | Killed Blork the orc
  4845 | D:5      | Reached XP level 8. HP: 43/46 MP: 19/19
  4857 | D:5      | Found a radiant altar of Vehumet.
  5361 | D:5      | Became a worshipper of Vehumet
  5461 | D:6      | Reached skill level 5 in Spellcasting
  6015 | D:6      | Noticed Sigmund
  6035 | D:6      | Killed Sigmund
  6891 | D:6      | Reached skill level 8 in Earth Magic
  6914 | D:7      | Learned a level 2 spell: Stoneskin
  6918 | D:7      | Learned a level 3 spell: Stone Arrow
  6924 | D:7      | Learned a level 5 spell: Lee's Rapid Deconstruction
  6953 | D:6      | Slain by an orc warrior

Action                   |  1- 3 |  4- 6 |  7- 9 || total
-------------------------+-------+-------+-------++-------
Melee: Spear             |   108 |    51 |     3 ||   162
       Quarterstaff      |       |   145 |    96 ||   241
Throw: Stone             |       |     1 |     2 ||     3
 Cast: Sandblast         |    25 |    31 |    60 ||   116
       Stoneskin         |       |       |     1 ||     1
  Use: Scroll            |       |     2 |     2 ||     4
 Stab: Sleeping          |     6 |     7 |     6 ||    19
       Petrified         |       |       |     2 ||     2
  Eat: Chunk             |     2 |     8 |     7 ||    17
       Bread ration      |       |       |     1 ||     1
